 Dungeon Crawl Stone Soup version 0.26-a0-976-gd3b5134375 (webtiles) character file.

Game seed: 8689954784290342167

205 KristoblXynda the Slasher (level 5, -2/46 HPs)
             Began as a Draconian Gladiator on Dec 5, 2020.
             Killed by divine providence
             ... invoked by an orc priest
              (16 damage)
             ... on level 3 of the Dungeon.
             The game lasted 00:03:12 (2728 turns).

KristoblXynda the Slasher (Draconian Gladiator)     Turns: 2728, Time: 00:03:12

Health: -2/46      AC:  5    Str: 16    XL:     5   Next: 52%
Magic:  5/5        EV: 13    Int:  9    God:
Gold:   162        SH:  0    Dex: 13    Spells: 4/4 levels left

rFire    . . .     SeeInvis .   a - +0 long sword
rCold    . . .     Faith    .   (no shield)
rNeg     . . .     Spirit   .   (armour unavailable)
rPois    .         Reflect  .   b - +0 hat
rElec    .         Harm     .   (no cloak)
rCorr    .         Rampage  .   (no gloves)
MR       .....                  (no boots)
Stlth    +.........             (no amulet)
HPRegen  0.15/turn              (no ring)
MPRegen  0.09/turn              (no ring)

@: no status effects
A: unfitting armour, cold-blooded, AC +5
a: no special abilities


You were on level 3 of the Dungeon.
You visited 1 branch of the dungeon, and saw 3 of its levels.

You collected 162 gold pieces.

Inventory:

Hand Weapons
 a - a +0 long sword (weapon)
 p - a +1 falchion of holy wrath
Missiles
 c - 3 throwing nets (quivered)
Armour
 b - a +0 hat (worn)
Jewellery
 j - an uncursed ring of ice
Wands
 q - a wand of disintegration (13)
Scrolls
 e - 2 scrolls of remove curse
 i - a scroll of fog {unknown}
 n - a scroll of magic mapping {unknown}
 o - 3 scrolls of teleportation {unknown}
Potions
 f - 3 potions of attraction
 g - a potion of magic
 h - a potion of resistance {unknown}
 k - a potion of lignification
 l - a potion of haste
 m - 3 potions of degeneration {unknown}
 r - a potion of might {unknown}


   Skills:
 + Level 3.6 Fighting
 * Level 4.8 Long Blades
 - Level 2.0 Throwing
 + Level 3.6 Dodging


You had 4 spell levels left.
You didn't know any spells.
Your spell library was empty.

Dungeon Overview and Level Annotations

Branches:
Dungeon (3/15)

Altars:


Innate Abilities, Weirdness & Mutations

Your plain brown scales are hard. (AC +5)
You cannot fit into any form of body armour.
You are cold-blooded and may be slowed by cold attacks.


Message History

You hit the orc priest.
Your tail-slap misses the orc priest.
The orc priest is severely wounded.
The orc priest hits you but does no damage.
The rat bites you but does no damage.
You hit the orc priest but do no damage.
You tail-slap the orc priest, but do no damage.
The orc priest is severely wounded.
The leopard gecko barely misses you.
You riposte.
You slash the leopard gecko!
You kill the leopard gecko!
The orc priest hits you with a +0 trident.
The rat bites you.
You hit the orc priest.
The orc priest is almost dead.
The orc priest hits you but does no damage.
The rat bites you.
You closely miss the orc priest.
The orc priest is almost dead.
The orc priest calls down the wrath of Beogh upon you.
Beogh smites you!
You die...

#########
#.......#######
#.####........#
#.......#####.#######
#.##.##.# #........
#.##.##.# #########
#.......# ####
#.##)##.# #... #
#@##.# #.##
#..†ro....########.##
#.#..##.#.#.....##.##
# #..# # #.....##.##
#... #........## #.##
#.....#.... #.
#.....#.### ..
#.#.†##.# # #.......#
#


You could see an orc priest and a rat.

Vanquished Creatures
  2 orc wizards (D:3)
  7 adders
  2 worms
  2 dart slugs
  5 leopard geckos
  12 orcs (D:3)
  2 ball pythons
  A giant cockroach (D:3)
  9 goblins
  4 hobgoblins
  4 kobolds
  A quokka (D:3)
  3 bats
  2 frilled lizards (D:2)
  7 rats
63 creatures vanquished.

Notes
Turn   | Place    | Note
-------+----------+-------------------------------------------
     0 | D:1      | KristoblXynda the Draconian Gladiator began the quest for
                  | the Orb.
     0 | D:1      | Reached XP level 1. HP: 17/17 MP: 1/1
   333 | D:1      | Reached XP level 2. HP: 25/25 MP: 2/2
   949 | D:2      | Reached XP level 3. HP: 22/30 MP: 3/3
  1705 | D:3      | Reached skill level 4 in Long Blades
  1709 | D:3      | Reached XP level 4. HP: 38/38 MP: 4/4
  2026 | D:3      | Reached XP level 5. HP: 34/45 MP: 5/5
  2728 | D:3      | Killed from afar by an orc priest

Illustrated notes

Levels and vault maps discovered:
D:1:      lightli_arrival_chessboard, layout_loops_ring
D:2:      layout_rooms, minmay_quantized
D:3:      layout_loops_cross, st_stairs_6, grunt_ministairs_4

Skill      XL: |  1  2  3 |
---------------+----------+-----
Throwing       | 2 |  2.0
Dodging        | 3 |  3.6
Fighting       | 3 |  3.6
Long Blades    | 4 |  4.8

Action                   |  1- 3 |  4- 6 || total
-------------------------+-------+-------++-------
Melee: Long sword        |    89 |    96 ||   185
       Tailslap          |    13 |    14 ||    27
  Use: Potion            |       |     3 ||     3
       Scroll            |       |     4 ||     4
 Stab: Sleeping          |     1 |     2 ||     3
       Distracted        |     1 |       ||     1
Armor: Skin              |    28 |    31 ||    59
Dodge: Dodged            |    65 |    50 ||   115
       Rpst.: Long sword |    18 |    15 ||    33

Table legend: (Time is in decaauts)
 A = Elapsed time spent in this place.
 B = Non-inter-level travel time spent in this place.
 C = Inter-level travel time spent in this place.
 D = Time resting spent in this place.
 E = Time spent auto-exploring this place.
 F = Levels seen in this place.
 G = Mean time per level.
                   A        B        C        D        E       F      G
               +--------+--------+--------+--------+--------+-----+--------+
         Total |   2764 |   2746 |     18 |    713 |   1507 |   3 |  921.3 |
       Dungeon |   2764 |   2746 |     18 |    713 |   1507 |   3 |  921.3 |
               +--------+--------+--------+--------+--------+-----+--------+

Top non-repeatable levels by time:
     D:3: 1047 daAuts
     D:2: 1037 daAuts
     D:1: 680 daAuts
